AoeStats
← SaulSarro

Arena

508149759Analyzed
4v4 RM · 11d ago on Sep 21, 2026· 51m 49s· 8 players
Game mode
Random Map
Map size
Large (8 player)
Population
200
Speed
Normal
Resources
Standard
Victory
Conquest
Starting age
Dark Age
Ending age
Imperial Age
RankedLock teamsTeams togetherTeam positionsShared explorationLock speedFull tech treeHidden civsTurbo modeCheats
Victory
Defeat
🇧🇴 Lithuanians · Bolivia
941
+16
🇲🇽 Dravidians · Mexico
940
+16
🇨🇳 Magyars · China
914
+17
🇳🇿 Persians · New Zealand
904
+17
🇦🇷 Portuguese · Argentina
964
-17
🇦🇷 Britons · Argentina
946
-17
🇦🇷 Franks · Argentina
944
-17
🇦🇷 Khmer · Argentina
887
-15
SaulSarro
2:06 Loom
12:09 Feudal Age
12:39 Double-Bit Axe
12:48 Stone Mining
12:49 Gold Mining
12:54 Horse Collar
21:37 Castle Age
20:32 Arson
21:02 Forging
20:53 Scale Mail Armor
22:51 Scale Barding Armor
22:50 Husbandry
24:22 Wheelbarrow
23:34 Town Watch
25:03 Heavy Plow
26:51 Medical Corps
28:35 Squires
28:21 Gambesons
39:25 Chain Mail Armor
46:26 Town Patrol
46:42 Bow Saw
51:53 Caravan
xxx_Panther_xxx1
6:57 Loom
11:14 Feudal Age
15:13 Castle Age
14:19 Double-Bit Axe
17:10 Bow Saw
18:24 Horse Collar
24:57 Heavy Plow
25:52 Masonry
26:05 Ballistics
30:10 Imperial Age
31:25 Bloodlines
31:42 Town Watch
32:32 Wheelbarrow
33:37 Architecture
32:42 Cavalier
36:19 Chemistry
35:44 Hand Cart
37:11 Light Cavalry
41:56 Scale Barding Armor
42:02 Forging
41:43 Fletching
42:09 Husbandry
42:37 Kamandaran
42:24 Crossbowman
43:10 Thumb Ring
42:31 Elite Skirmisher
44:17 Town Patrol
44:49 Bodkin Arrow
45:32 Iron Casting
45:00 Padded Archer Armor
45:22 Chain Barding Armor
46:31 Two-Man Saw
46:14 Hussar
47:59 Leather Archer Armor
49:27 Plate Barding Armor
52:06 Blast Furnace
51:37 Ring Archer Armor
Edcastillo
10:23 Feudal Age
11:10 Double-Bit Axe
11:18 Horse Collar
17:58 Castle Age
16:04 Stone Mining
21:31 Wheelbarrow
22:38 Bow Saw
25:35 Pikeman
26:35 Forging
26:26 Scale Mail Armor
26:33 Scale Barding Armor
27:31 Caravan
27:57 Heavy Plow
30:09 Iron Casting
29:50 Chain Mail Armor
34:26 Imperial Age
32:22 Chain Barding Armor
33:44 Squires
36:54 Two-Man Saw
36:04 Halberdier
40:50 Arson
42:20 Plate Barding Armor
44:57 Elite Leitis
47:28 Padded Archer Armor
47:19 Fletching
cdjkys
9:02 Feudal Age
9:27 Horse Collar
9:33 Double-Bit Axe
17:21 Castle Age
15:30 Gold Mining
16:40 Fletching
17:44 Stone Mining
20:50 Wheelbarrow
21:19 Loom
22:42 Town Watch
24:35 Bow Saw
25:26 Heavy Plow
27:32 Husbandry
27:42 Bloodlines
29:11 Corvinian Army
31:03 Bloodlines
33:40 Imperial Age
31:28 Hand Cart
31:04 Treadmill Crane
33:18 Gold Shaft Mining
32:46 Town Patrol
33:23 Bodkin Arrow
33:36 Thumb Ring
34:05 Pikeman
34:23 Light Cavalry
35:46 Scale Barding Armor
35:43 Padded Archer Armor
36:11 Parthian Tactics
37:22 Hoardings
37:11 Conscription
36:54 Recurve Bow
38:58 Two-Man Saw
38:31 Crop Rotation
37:53 Cavalier
39:02 Chain Barding Armor
38:48 Elite Skirmisher
39:40 Hussar
40:59 Caravan
42:39 Bracer
43:15 Plate Barding Armor
42:41 Scale Mail Armor
42:06 Capped Ram
44:42 Chain Mail Armor
44:43 Leather Archer Armor
43:52 Man-at-Arms
47:27 Ring Archer Armor
49:43 Halberdier
52:42 Coinage
51:41 Paladin
[Vsh]-Tutta
12:51 Feudal Age
11:07 Loom
14:16 Wheelbarrow
13:29 Double-Bit Axe
13:25 Horse Collar
13:37 Gold Mining
20:03 Castle Age
18:11 Stone Mining
21:02 Hand Cart
20:27 Pikeman
20:52 Gambesons
21:11 Scale Mail Armor
21:22 Forging
22:15 Husbandry
22:25 Bloodlines
23:48 Chain Mail Armor
32:55 Imperial Age
31:06 Circumnavigation
31:46 Iron Casting
32:56 Bloodlines
32:07 Light Cavalry
33:43 Ballistics
33:04 Treadmill Crane
33:20 Murder Holes
34:47 Chemistry
33:59 Masonry
34:56 Halberdier
35:27 Elite Organ Gun
37:09 Caravan
39:27 Conscription
39:07 Arquebus
39:23 Thumb Ring
39:22 Padded Archer Armor
48:17 Plate Mail Armor
48:02 Leather Archer Armor
bichoTlapone
11:43 Feudal Age
10:43 Loom
13:41 Padded Archer Armor
18:34 Castle Age
17:04 Double-Bit Axe
20:57 Scale Barding Armor
21:07 Leather Archer Armor
25:33 Gold Mining
33:20 Imperial Age
31:34 Scale Mail Armor
31:49 Forging
33:17 Wheelbarrow
35:55 Chemistry
35:18 Ballistics
35:20 Stone Mining
35:45 Bow Saw
38:48 Ring Archer Armor
38:11 Fletching
40:48 Chemistry
40:08 Ballistics
39:57 Siphons
40:15 Elite Ballista Elephant
41:42 Murder Holes
41:16 Crossbowman
41:17 Elite Skirmisher
43:22 Hand Cart
44:11 Husbandry
45:17 Bodkin Arrow
45:24 Scale Mail Armor
45:13 Horse Collar
46:20 Masonry
[Vsh]-WinZerdo
3:25 Loom
11:25 Feudal Age
16:17 Castle Age
14:16 Double-Bit Axe
14:33 Stone Mining
18:57 Wheelbarrow
19:50 Hand Cart
33:17 Imperial Age
31:22 Bow Saw
31:55 Ballistics
31:57 Gambesons
31:52 Pikeman
32:59 Forging
32:49 Scale Mail Armor
33:50 #83
34:32 Squires
35:10 Conscription
35:55 Iron Casting
36:29 Halberdier
38:07 Chain Mail Armor
39:39 Gold Mining
40:42 Masonry
41:46 Caravan
50:04 Blast Furnace
[Vsh]-BilShit™
0:26 Loom
12:48 Feudal Age
17:47 Castle Age
15:38 Double-Bit Axe
16:00 Horse Collar
16:22 Stone Mining
16:35 Gold Mining
19:16 Wheelbarrow
25:13 Padded Archer Armor
25:04 Fletching
25:42 Hand Cart
26:33 Bodkin Arrow
26:53 Leather Archer Armor
27:19 Gold Shaft Mining
28:50 Bow Saw
31:27 Imperial Age
29:00 Caravan
29:35 Leather Archer Armor
29:32 Forging
32:04 Iron Casting
31:38 Elite Longbowman
32:57 Bracer
33:58 Blast Furnace
33:54 Conscription
35:07 Capped Ram
36:59 Chemistry
37:14 Ring Archer Armor
38:06 Pikeman
38:32 Gambesons
38:47 Squires
39:16 Warwolf
38:52 Halberdier
47:05 Scale Mail Armor
Connection lost

Rejoining the realm…

Still unreachable

The connection could not be restored.

Session expired

The server has moved on; the page needs a fresh start.